cohdb
Replays
Latest Replays
All Replays
Popular Replays
Top Player Replays
Match Explorer
How It Works
Community
CoH3 Stats
Reddit
Sign in to upload your games and track your stats! →
Sign in with Steam
Match 45537144
Unlisted
Match 45537144
Overview
Messages
Build Orders
End
Panzergrenadier Squad
250 Light Carrier
Panzerpioneer Squad
Construct Light Support Kompanie
Combat Half-tracks
2.5-tonne Medical Truck
Panzerjäger Squad
Fire Support Elements
Selects Panzerjäger Kommand Battlegroup
Selects Tank Busters
Panzerjäger Mechanized Group
Advanced Field Repairs
Construct Panzerarmee Kommand
Panzerjäger Squad
Armored Reserves
Vehicle Survival Package
777
Dr Jello
Zerg
Urge to Merge
thecolonel90
Musa
PlammX
Stug Life
0
0
Comments
sign in to comment!
No comments posted yet!